 Dungeon Crawl Stone Soup version 0.30-a0-800-g7c544603b3 (webtiles) character file.

Game seed: 15588453994053619763

84 tio the Grave Robber (level 4, -4/30 HPs)
             Began as a Human Necromancer on Feb 22, 2023.
             Slain by a goblin
             ... wielding a +0 dagger
             ... led by Robin
              (6 damage)
             ... on level 2 of the Dungeon.
             The game lasted 00:06:55 (1357 turns).

tio the Grave Robber (Human Necromancer)            Turns: 1357, Time: 00:06:55

Health: -4/30      AC:  2    Str: 11    XL:     4   Next: 74%
Magic:  2/8        EV: 12    Int: 15    God:
Gold:   29         SH:  0    Dex: 13    Spells: 8/9 levels left

rFire   . . .      SeeInvis .    e - +0 spear
rCold   . . .      Faith    .    (no shield)
rNeg    . . .      Spirit   .    a - +0 robe
rPois   .          Reflect  .    (no helmet)
rElec   .          Harm     .    (no cloak)
rCorr   .          Rampage  .    (no gloves)
Will    .....                    (no boots)
Stlth   ++                       (no amulet)
HPRegen 0.25/turn                (no ring)
MPRegen 0.11/turn                (no ring)

@: no status effects
A: no striking features
a: no special abilities


You were on level 2 of the Dungeon.
You visited 1 branch of the dungeon, and saw 2 of its levels.

You collected 29 gold pieces.

Inventory:

Hand Weapons
 b - a +0 dagger
 d - a +0 short sword
 e - a +0 spear (weapon)
Missiles
 j - 2 throwing nets
Armour
 a - a +0 robe (worn)
Scrolls
 c - 2 scrolls of identify {unknown}
Potions
 f - 2 potions of degeneration {unknown}
 g - 2 potions of heal wounds {unknown}
 h - a potion of lignification {unknown}
 i - a potion of haste {unknown}


   Skills:
 + Level 2.0 Dodging
 + Level 2.1 Stealth
 + Level 3.0 Spellcasting
 + Level 5.1 Necromancy


You had 8 spell levels left.
You knew the following spells:

 Your Spells              Type           Power      Damage    Failure   Level
a - Necrotise             Necr           68%        1d7       2%          1

Your spell library contained the following spells:

 Spells                   Type           Power      Damage    Failure   Level
 Vampiric Draining        Necr           17%        2d7       7%          3
 Animate Dead             Necr           17%        N/A       24%         4
 Agony                    Necr           17%        N/A       54%         5


Dungeon Overview and Level Annotations

Branches:
Dungeon (2/15)

Altars:

Annotations:
D:2 Robin


Message History

The goblin shouts!
You hear an angry hiss.
Robin hits you with a +0 dagger.
* * * LOW HITPOINT WARNING * * *
The goblin hits you with a +0 dagger.
* * * LOW HITPOINT WARNING * * *
A giant cockroach comes into view.
You closely miss Robin.
Robin is severely wounded.
Robin hits you but does no damage. The goblin barely misses you.
The goblin attacks as you move away! The goblin barely misses you.
A hobgoblin comes into view.
Robin roars a battlecry!
The goblin goes into a battle-frenzy!
A hobgoblin comes into view.
The hobgoblin shouts!
You hear a shout!
Things that are here:
a +0 club; a scroll labelled SOLAN SEIQ; a goblin corpse The goblin attacks as you move away!
The goblin hits you with a +0 dagger.
* * * LOW HITPOINT WARNING * * *
The goblin no longer looks unusually strong.
Robin throws the goblin at you!
A hobgoblin comes into view.
The goblin hits you with a +0 dagger.
* * * LOW HITPOINT WARNING * * *
You hit the goblin.
The goblin is severely wounded.
Robin throws the goblin at you!
* * * LOW HITPOINT WARNING * * *
The goblin hits you with a +0 dagger.
* * * LOW HITPOINT WARNING * * *
The goblin hits you but does no damage.
A hobgoblin comes into view.
The hobgoblin no longer looks unusually strong.
The goblin no longer looks unusually strong.
Robin roars a battlecry!
The goblins go into a battle-frenzy!
A goblin comes into view. It is wielding a +0 club.
You closely miss the giant cockroach. The giant cockroach closely misses you.
The hobgoblin misses you. The goblin hits you with a +0 dagger.
You die...

#.)#.# ### #
#..#..# ###g
#..#).#
.$.#######..#..@
#.)#.....#.#.#..
#..#.....##.#...
#..g#######.###+#
#...Bgg.....#
#..gg@g..####
#...######
#g.g..# ####'##
#' .. ...


You could see Robin, a giant cockroach, 4 hobgoblins and 4 goblins.

Vanquished Creatures
  2 adders (D:2)
  A worm (D:2)
  4 ball pythons
  2 bats (D:1)
  2 endoplasms
  3 giant cockroaches
  3 goblins
  5 hobgoblins
  6 kobolds
  A quokka (D:2)
  3 frilled lizards (D:1)
  3 rats (D:1)
35 creatures vanquished.

Vanquished Creatures (collateral kills)
  Jessica (D:2)
1 creature vanquished.

Vanquished Creatures (others)
  11 plants (D:2)
11 creatures vanquished.

Grand Total: 47 creatures vanquished

Notes
Turn   | Place    | Note
-------+----------+-------------------------------------------
     0 | D:1      | tio the Human Necromancer began the quest for the Orb.
     0 | D:1      | Reached XP level 1. HP: 13/13 MP: 3/3
   204 | D:1      | Reached XP level 2. HP: 19/19 MP: 1/5
   728 | D:1      | Reached XP level 3. HP: 24/24 MP: 4/6
  1228 | D:2      | Noticed Jessica
  1237 | D:2      | Killed Jessica
  1238 | D:2      | Reached skill level 5 in Necromancy
  1238 | D:2      | Reached XP level 4. HP: 10/30 MP: 1/8
  1342 | D:2      | Noticed Robin
  1355 | D:2      | HP: 1/30 [goblin/+0 dagger[Robin] (1)]
  1357 | D:2      | Slain by a goblin

Illustrated notes

Levels and vault maps discovered:
D:1:      tekkud_arrival_beachfront_property, layout_basic
D:2:      layout_basic, serial_forest, infiniplex_forest_clump_diagonal,
          infiniplex_forest_lined_2, infiniplex_forest_straight_3,
          infiniplex_forest_straight_1, infiniplex_forest_straight_2,
          infiniplex_forest_straight_4, infiniplex_forest_clump_long,
          minmay_3d_cube, uniq_natasha, uniq_robin, uniq_jessica

Skill      XL: |  1  2  3  4 |
---------------+-------------+-----
Necromancy     | 5 |  5.1
Spellcasting   | 3 |  3.0
Dodging        | |  2.0
Stealth        | |  2.1

Action                     |  1- 3 |  4- 6 || total
---------------------------+-------+-------++-------
  Melee: Spear             |     7 |    12 ||    19
   Cast: Necrotise         |    58 |     9 ||    67
    Use: Potion            |     1 |       ||     1
 Armour: Robe              |       |     2 ||     2
  Dodge: Dodged            |     5 |    11 ||    16

Table legend: (Time is in decaauts)
 A = Elapsed time spent in this place.
 B = Non-inter-level travel time spent in this place.
 C = Inter-level travel time spent in this place.
 D = Time resting spent in this place.
 E = Time spent auto-exploring this place.
 F = Levels seen in this place.
 G = Mean time per level.
                   A        B        C        D        E       F      G
               +--------+--------+--------+--------+--------+-----+--------+
         Total |   1357 |   1301 |     56 |      0 |   1111 |   2 |  678.5 |
       Dungeon |   1357 |   1301 |     56 |      0 |   1111 |   2 |  678.5 |
               +--------+--------+--------+--------+--------+-----+--------+

Top non-repeatable levels by time:
     D:1: 1010 daAuts
     D:2: 346 daAuts
